 Dungeon Sprint DCSS version 0.17-a0-1910-g4c791fa (webtiles) character file.

600000 Ordine the Blinker (level 13, 63/133 HPs)
             Began as a Troll Warper on Sept 26, 2015.
             Was an Initiate of Makhleb.
             Quit the game in the Dungeon (Sprint VIII: "Arena of Blood").
             The game lasted 00:01:01 (6 turns).

Ordine the Blinker (Troll Warper)                      Turns: 6, Time: 00:01:01

Health: 63/133     AC:  5    Str: 22    XL:     13   Next: 0%
Magic:  1/25       EV: 17    Int:  9    God:    Makhleb [......]
Gold:   0          SH:  0    Dex: 13    Spells: 1 memorised, 29 levels left

rFire  . . .     SeeInvis .     k - +∞ Axe of Woe
rCold  . . .     Clarity  .     a - +0 robe
rNeg   . . .     SustAt   .     (no shield)
rPois  .         Gourm    +     (helmet restricted)
rElec  .         Spirit   .     (no cloak)
rCorr  .         Warding  .     (gloves unavailable)
rMut   .         NoTele   +     (boots unavailable)
MR     .....                    (no amulet)
Stlth  +.........               (no ring)
                                (no ring)

@: not resistant to hostile enchantments, very unstealthy
A: unfitting armour, claws 3, fast metabolism 3, gourmand, regeneration 2,
shaggy fur 1, tough skin 2
a: Renounce Religion


You were in the Dungeon.
You worshipped Makhleb.
Makhleb was noncommittal.
You were not hungry.

You visited 1 branch

Inventory:

Hand weapons
 k - the +∞ Axe of Woe (weapon)
   (You found it in the Dungeon)
Missiles
 d - 5 tomahawks of dispersal (quivered)
Armour
 a - a +0 robe (worn)
Scrolls
 c - 2 scrolls of blinking
Potions
 f - a potion of curing
 g - a potion of heal wounds
 h - a potion of haste
 i - 2 potions of magic
 j - a potion of berserk rage
Books
 b - a book of Spatial Translocations

   Spells                             Type                      Level
   a - Apportation                    Translocation                1
   b - Blink                          Translocation                2
   c - Shroud of Golubria             Charms/Translocation         2
   d - Portal Projectile              Translocation                3
   e - Teleport Other                 Translocation                3
   f - Passage of Golubria            Translocation                4
Comestibles
 e - 2 bread rations


   Skills:
 + Level 10.1 Fighting
 + Level 3.2 Throwing
 + Level 13.2 Dodging
 + Level 11.5 Unarmed Combat
 + Level 9.4 Spellcasting
 + Level 16.8 Translocations


You had 29 spell levels left.
You knew the following spells:

 Your Spells              Type           Power        Failure   Level  Hunger
a - Apportation           Tloc           ####......   0%          1    None


Dungeon Overview and Level Annotations

Branches:
Dungeon (1/1)

Altars:
Makhleb


Innate Abilities, Weirdness & Mutations

You are too large for most types of armour.
You have claws for hands.
Your metabolism is lightning-fast.
You like to eat raw meat.
You heal very quickly.
You are covered in fur (AC +1).
You have very tough skin (AC +2).


Message History

You have reached level 9!
Your experience leads to an increase in your attributes!
Increase (S)trength, (I)ntelligence, or (D)exterity?
You feel agile.
You feel stronger.
You have reached level 10!
You have reached level 11!
You have reached level 12!
Your experience leads to an increase in your attributes!
Increase (S)trength, (I)ntelligence, or (D)exterity?
You feel agile.
You feel stronger.
You have reached level 13!
You hear a shout! x13
Unknown command.
Unknown command.
Unknown command.
Unknown command.
Unknown command.
Are you sure you want to abandon this character and quit the game? (Confirm with "yes".)
Okay, then.
Are you sure you want to abandon this character and quit the game? (Confirm with "yes".)

..... .. #...
.# . #... ..#
..###... ..###.
......###......
....._......
#.....# #@)<._#
#.....#
....._......
.....O###......
..###... ..###.
. #... ..# #...
.# ..... ..


You could see a meat berserker (berserk).

Vanquished Creatures
  An ogre (D)
1 creature vanquished.

Notes
Turn   | Place    | Note
--------------------------------------------------------------
     0 | D        | Ordine the Troll Warper began the quest for the Orb.
     0 | D        | Reached XP level 1. HP: 19/19 MP: 1/1
     3 | D        | Noticed a meat berserker
     4 | D        | Became a worshipper of Makhleb the Destroyer
     5 | D        | Noticed a meat berserker
     5 | D        | Killed a meat berserker
     5 | D        | Reached skill level 10 in Fighting
     5 | D        | Reached skill level 13 in Dodging
     5 | D        | Reached skill level 16 in Translocations
     5 | D        | Reached XP level 2. HP: 23/45 MP: 1/11
     5 | D        | Reached XP level 3. HP: 27/53 MP: 1/12
     5 | D        | Reached XP level 4. HP: 31/61 MP: 1/14
     5 | D        | Reached XP level 5. HP: 34/68 MP: 1/15
     5 | D        | Reached XP level 6. HP: 39/78 MP: 1/17
     5 | D        | Reached XP level 7. HP: 42/85 MP: 1/18
     5 | D        | Reached XP level 8. HP: 45/93 MP: 1/20
     5 | D        | Reached XP level 9. HP: 48/101 MP: 1/21
     5 | D        | Reached XP level 10. HP: 52/110 MP: 1/22
     5 | D        | Reached XP level 11. HP: 55/117 MP: 1/23
     5 | D        | Reached XP level 12. HP: 59/126 MP: 1/24
     5 | D        | Reached XP level 13. HP: 62/133 MP: 1/25
     6 | D        | Quit the game

Vault maps used:
D:        meatsprint

Action                   |  1- 3 |  4- 6 |  7- 9 | 10-12 | 13-15 || total
-------------------------+-------+-------+-------+-------+-------++-------
Melee: Executioner's axe |     1 |       |       |       |       ||     1
